 Dungeon Crawl Stone Soup version 0.30.1-11-g7821555f0a (webtiles) character file.

Game seed: 8426057648615072180

88 Martska the Trooper (level 4, 37/37 HPs)
             Began as a Demonspawn Fighter on Dec 11, 2023.
             Quit the game on level 3 of the Dungeon on Dec 13, 2023.
             The game lasted 00:02:44 (1451 turns).

Martska the Trooper (Demonspawn Fighter)            Turns: 1451, Time: 00:02:45

Health: 37/37      AC:  6    Str: 18    XL:     4   Next: 29%
Magic:  4/4        EV: 10    Int:  9    God:
Gold:   56         SH:  4    Dex: 13    Spells: 3/3 levels left

rFire   . . .        a - +0 trident
rCold   . . .        c - +0 buckler
rNeg    . . .        b - +0 scale mail
rPois   .            (no helmet)
rElec   .            (no cloak)
rCorr   .            (no gloves)
SInv    .            (no boots)
Will    +....        (no amulet) Stlth
                     g - ring of willpower
HPRegen 0.26/turn    (no ring)
MPRegen 0.09/turn

%: no passive effects
@: no status effects
A: ignite blood 1, demonic magic 1
a: no special abilities


You were on level 3 of the Dungeon.
You visited 1 branch of the dungeon, and saw 3 of its levels.

You collected 56 gold pieces.

Inventory:

Hand Weapons
 a - a +0 trident (weapon)
Missiles
 m - 2 throwing nets (quivered)
Armour
 b - a +0 scale mail (worn)
 c - a +0 buckler (worn)
Jewellery
 g - a ring of willpower (left hand)
Scrolls
 e - 3 scrolls of identify {unknown}
 f - a scroll of poison {unknown}
 k - a scroll of blinking {unknown}
 l - 2 scrolls of enchant weapon {unknown}
 n - a scroll of teleportation {unknown}
Potions
 d - 3 potions of might
 h - a potion of flight {unknown}
 i - 2 potions of degeneration {unknown}
 j - a potion of heal wounds {unknown}
 o - a potion of brilliance {unknown}


   Skills:
 * Level 3.7 Fighting
 - Level 1.7 Polearms
 + Level 3.1 Armour
 * Level 2.0 Dodging
 + Level 3.1 Shields


You had 3 spell levels left.
You didn't know any spells.
Your spell library contained the following spells:

 Spells                   Type           Power      Damage    Failure   Level
 Foxfire                  Conj/Fire      0%         2x1d4     85%         1
 Magic Dart               Conj           0%         1d3       85%         1
 Necrotise                Necr           0%         1d4       85%         1
 Call Imp                 Summ           0%         N/A       94%         2
 Ensorcelled Hibernation  Hex/Ice        0%         N/A       94%         2
 Passwall                 Tmut/Erth      0%         N/A       94%         2
 Static Discharge         Conj/Air       0%         2-2/arc   94%         2
 Ignite Poison            Fire/Tmut/Pois 0%         N/A       99%         3
 Mephitic Cloud           Conj/Pois/Air  0%         N/A       99%         3
 Swiftness                Air            0%         N/A       99%         3
 Vampiric Draining        Necr           0%         2d6       99%         3
 Airstrike                Air            0%         2d(0-16)  100%        4
 Sticky Flame             Conj/Fire      0%         2d3       100%        4
 Summon Lightning Spire   Summ/Air       0%         N/A       100%        4
 Agony                    Necr           0%         N/A       100%        5
 Fireball                 Conj/Fire      0%         3d3       100%        5
 Plasma Beam              Fire/Air       0%         2x1d11    100%        6
 Starburst                Conj/Fire      0%         6d3       100%        6
 Ignition                 Fire           0%         3d3       100%        8


Dungeon Overview and Level Annotations

Branches:
Dungeon (3/15)

Altars:

Shops:
D:1 [

Annotations:
D:3 1 runed translucent door, bimbombam's ghost, amateur SpHu


Innate Abilities, Weirdness & Mutations

Your demonic aura sometimes causes spilled blood to erupt in flames.
Spells you cast may paralyse adjacent enemies.


Message History

You are poisoned.
The adder poisons you! The adder bites you but does no damage.
You puncture the adder!
You kill the adder!
You feel sick.
Your Dodging skill increases to level 2!
No target in view!
No target in view!
No target in view!
No target in view!
No target in view!
No target in view!
No target in view!
No target in view!
No target in view!
You feel sick.
You feel sick.
You feel sick.
You feel sick.
You feel sick.
You are no longer poisoned.
HP restored.
l - 2 scrolls labelled SETOUG BECW (gained 1)
o - a puce potion You pick up a book of Necromancy and begin reading...
You add the spells Necrotise, Vampiric Draining and Agony to your library.
You now have 56 gold pieces (gained 9).
Found a scroll of immolation.
Bimbombam's ghost turns its malevolent gaze towards you.
A giant cockroach comes into view.
A giant cockroach is nearby!
A giant cockroach is nearby!
A giant cockroach is nearby!
A giant cockroach comes into view.
Level annotation: 1 runed translucent door, bimbombam's ghost, amateur SpHu Welcome back, Martska the Demonspawn Fighter.
Press ? for a list of commands and other information.
There are monsters nearby!
There are monsters nearby!
Are you sure you want to abandon this character and quit the game? (Confirm with "yes".)

#....)....#
#....†....#
#.........#
#.........#
#.........#
#####.....##
§W#......##
§§+.......###
§o#..@.......
###..?....#..
.........##
..........##
#......B...
............
..........B..
..............


You could see an orc wizard, bimbombam's ghost and 2 giant cockroaches.

Vanquished Creatures
  3 gnolls (D:2)
  2 adders
  A worm (D:2)
  A dart slug (D:1)
  4 ball pythons
  2 bats
  3 endoplasms
  A giant cockroach (D:2)
  A hobgoblin (D:2)
  4 jackals (D:2)
  2 quokkas
  A frilled lizard (D:1)
  4 goblins
  3 kobolds (D:1)
  5 rats
37 creatures vanquished.

Notes
Turn   | Place    | Note
-------+----------+-------------------------------------------
     0 | D:1      | Martska the Demonspawn Fighter began the quest for the Orb.
     0 | D:1      | Reached XP level 1. HP: 18/18 MP: 1/1
   206 | D:1      | Gained mutation: Your demonic aura sometimes causes spilled
                  | blood to erupt in flames. [demonic ancestry]
   206 | D:1      | Reached XP level 2. HP: 20/24 MP: 2/2
   240 | D:1      | Found Itienk's Antique Armour Shoppe.
   638 | D:1      | Reached skill level 1 in Dodging
   879 | D:2      | Reached XP level 3. HP: 29/29 MP: 3/3
  1168 | D:2      | Gained mutation: Spells you cast may paralyse adjacent
                  | enemies. [demonic ancestry]
  1168 | D:2      | Reached XP level 4. HP: 37/37 MP: 4/4
  1360 | D:3      | Found a runed translucent door.
  1446 | D:3      | Noticed bimbombam's ghost (amateur SpHu)
  1451 | D:3      | Quit the game

Illustrated notes

Levels and vault maps discovered:
D:1:      psy_arrival_basics, layout_basic, serial_shops, shop
D:2:      layout_rooms
D:3:      layout_rooms, lemuel_doored_altar, elyvilon_altar_1,
          ebering_ghost_inner_flame, grunt_decor_fettered

Skill      XL: |  1  2  3  4 |
---------------+-------------+-----
Dodging        | 1 2 |  2.0
Shields        | 3 |  3.1
Armour         | 3 |  3.1
Fighting       | |  3.7
Polearms       | |  1.7

Action                     |  1- 3 |  4- 6 || total
---------------------------+-------+-------++-------
  Melee: Trident           |    97 |    15 ||   112
 Armour: Scale mail        |    35 |     6 ||    41
  Dodge: Dodged            |    26 |     3 ||    29
  Block: Buckler           |    13 |     4 ||    17
